AoeStats
← CrazyBen

Hill Fort

506697938Analyzed
4v4 RM · 18d ago on Sep 14, 2026· 53m 2s· 8 players
Game mode
Random Map
Map size
Large (8 player)
Population
200
Speed
Normal
Resources
Standard
Victory
Conquest
Starting age
Dark Age
Ending age
Imperial Age
RankedLock teamsTeams togetherTeam positionsShared explorationLock speedFull tech treeHidden civsTurbo modeCheats
Victory
Defeat
🇩🇪 Magyars · Germany
1532
+13
🇹🇼 Poles · Taiwan
1528
+13
🇨🇳 Muisca · China
1508
+14
🇮🇳 Mongols · India
1395
+19
🇫🇷 Goths · France
1486
-16
🇨🇴 Mongols · Colombia
1471
-15
🇨🇱 Bulgarians · Chile
1464
-15
🇩🇪 Celts · Germany
1413
-13
Basti8712
14:03 Feudal Age
19:02 Castle Age
17:00 Double-Bit Axe
17:28 Horse Collar
19:14 Loom
20:12 Bow Saw
20:03 Heavy Plow
28:03 Wheelbarrow
29:06 Hand Cart
31:01 Forging
30:52 Scale Mail Armor
32:56 Fletching
33:07 Padded Archer Armor
33:23 Chain Mail Armor
33:43 Iron Casting
38:24 Imperial Age
36:57 Bodkin Arrow
40:09 Blast Furnace
39:39 Plate Mail Armor
40:25 Elite Woad Raider
41:31 Conscription
41:29 Arson
45:54 Ballistics
49:29 Hoardings
CrazyBen
10:34 Feudal Age
14:26 Castle Age
12:51 Double-Bit Axe
16:08 Bow Saw
16:25 Loom
16:30 Horse Collar
17:48 Scale Mail Armor
21:24 Chain Mail Armor
30:45 Anarchy
33:00 Squires
37:18 Wheelbarrow
36:51 Gold Mining
40:40 Fletching
46:17 Imperial Age
44:04 Hand Cart
44:51 Forging
45:52 Bodkin Arrow
47:19 Ballistics
48:02 Chemistry
EL TIGRE ABELARDO
10:53 Feudal Age
11:33 Double-Bit Axe
14:48 Castle Age
13:12 Horse Collar
13:47 Loom
14:38 Wheelbarrow
15:49 Bow Saw
15:40 Heavy Plow
20:04 Stone Mining
23:32 Gold Mining
24:23 Fletching
25:18 Bodkin Arrow
27:27 Stone Shaft Mining
32:04 Imperial Age
29:50 Padded Archer Armor
30:40 Ballistics
30:06 Town Watch
32:10 Hand Cart
32:12 Bloodlines
32:02 Husbandry
32:38 Leather Archer Armor
32:28 Scale Barding Armor
33:01 Bracer
34:03 Chemistry
33:41 Thumb Ring
34:41 Parthian Tactics
34:20 Town Patrol
34:23 Elite Mangudai
35:41 Conscription
35:06 Capped Ram
36:19 Chain Barding Armor
36:48 Drill
37:52 Hoardings
37:42 Masonry
38:02 Siege Ram
39:33 Coinage
39:05 Caravan
42:41 Banking
42:35 Light Cavalry
43:25 Forging
46:25 Hussar
Hennessy
10:33 Feudal Age
10:49 Loom
15:10 Castle Age
14:02 Double-Bit Axe
14:14 Horse Collar
16:26 Bow Saw
20:21 Town Watch
22:47 Town Patrol
23:37 Gold Mining
25:16 Scale Barding Armor
25:14 Heavy Plow
26:26 Chain Barding Armor
27:01 Wheelbarrow
28:30 Hand Cart
31:52 Imperial Age
29:45 Forging
29:52 Stone Mining
32:00 Iron Casting
32:01 Gold Shaft Mining
32:05 Fletching
32:12 Cavalier
32:52 Husbandry
33:41 Plate Barding Armor
34:05 Crop Rotation
33:49 Husbandry
33:59 Bloodlines
35:11 Blast Furnace
35:29 Bloodlines
36:11 Conscription
36:39 Stirrups
44:01 Caravan
44:15 Elite Konnik
VeryNiceToMeetYou
10:23 Feudal Age
14:42 Castle Age
13:01 Horse Collar
13:49 Double-Bit Axe
15:39 Bow Saw
15:41 Heavy Plow
18:24 Loom
22:02 Fletching
23:52 Gold Mining
24:52 Wheelbarrow
24:42 Scale Mail Armor
24:40 Bodkin Arrow
25:21 Padded Archer Armor
26:50 Gold Shaft Mining
27:08 Ballistics
27:05 Thumb Ring
28:35 Husbandry
28:45 Bloodlines
32:32 Imperial Age
34:00 Hand Cart
34:17 Parthian Tactics
33:13 Heavy Cavalry Archer
34:02 Bracer
36:39 Scale Barding Armor
36:44 Light Cavalry
37:55 Hussar
41:03 Chain Barding Armor
40:59 Leather Archer Armor
41:50 Recurve Bow
44:17 Plate Barding Armor
45:13 Ring Archer Armor
46:13 Conscription
48:54 Caravan
Broken Angel
10:52 Feudal Age
15:02 Castle Age
12:49 Double-Bit Axe
12:56 Horse Collar
15:22 Loom
16:31 Bow Saw
16:25 Heavy Plow
22:32 Wheelbarrow
23:46 Gold Mining
25:28 Fletching
30:27 Hand Cart
31:22 Bodkin Arrow
31:28 Padded Archer Armor
33:47 Gold Shaft Mining
36:01 Imperial Age
36:15 Imperial Age
34:44 Stone Mining
35:27 Leather Archer Armor
35:32 Bloodlines
35:22 Husbandry
36:11 Thumb Ring
36:46 Ballistics
37:20 Stone Shaft Mining
36:49 Elite Mangudai
37:58 Parthian Tactics
39:08 Conscription
39:59 Chemistry
39:29 Bracer
41:32 Capped Ram
43:03 Siege Ram
44:05 Drill
45:25 Hoardings
47:06 Siege Engineers
46:58 Murder Holes
47:37 Coinage
47:07 Caravan
49:22 Caravan
49:53 Banking
50:48 Scale Barding Armor
50:53 Forging
50:56 Masonry
虞小梅
0:45 Loom
10:35 Feudal Age
11:43 Double-Bit Axe
13:24 Wheelbarrow
12:34 Horse Collar
18:14 Stone Mining
20:38 Castle Age
21:47 Bow Saw
21:46 Heavy Plow
26:34 Stone Shaft Mining
26:17 Scale Barding Armor
27:21 Chain Barding Armor
32:00 Hand Cart
32:26 Gold Mining
35:34 Imperial Age
35:45 Imperial Age
34:03 Szlachta Privileges
35:30 Forging
35:29 Husbandry
35:39 Bloodlines
36:46 Iron Casting
36:10 Cavalier
37:49 Conscription
38:34 Blast Furnace
40:23 Crop Rotation
44:12 Caravan
45:58 Light Cavalry
46:51 Winged Hussar
48:06 Lechitic Legacy
Alita
11:44 Feudal Age
15:53 Castle Age
14:10 Double-Bit Axe
14:33 Horse Collar
15:05 Stone Mining
15:22 Loom
15:32 Town Watch
16:44 Bow Saw
17:53 Stone Shaft Mining
17:47 Gold Mining
19:27 Fletching
22:15 Bodkin Arrow
27:16 Ballistics
29:31 Wheelbarrow
31:29 Hand Cart
34:33 Imperial Age
32:26 Padded Archer Armor
32:53 Herbalism
33:39 Gold Shaft Mining
33:05 Heavy Plow
33:38 Leather Archer Armor
33:52 Scale Mail Armor
33:34 Champi Runner
34:14 Squires
34:22 Treadmill Crane
35:13 Forging
35:18 Chain Mail Armor
34:36 Champi Warrior
36:17 Conscription
36:00 Elite Guecha Warrior
36:09 Elite Champi Warrior
37:31 Crop Rotation
38:23 Plate Mail Armor
43:04 Capped Ram
47:03 Bracer
47:39 Iron Casting
49:08 Iron Casting
49:32 Huaracas
50:02 Hoardings
50:37 Two-Man Saw
50:26 Thumb Ring
51:29 Chemistry
51:40 Masonry
51:25 Murder Holes
51:16 Demolition Ship
Connection lost

Rejoining the realm…

Still unreachable

The connection could not be restored.

Session expired

The server has moved on; the page needs a fresh start.